 Dungeon Crawl Stone Soup version 0.31.0-32-g396128a36d (webtiles) character file.

Game seed: 16466042088283734959

189 monsoonserge the Ruffian (level 5, 0/36 HPs)
             Began as an Octopode Shapeshifter on Apr 9, 2024.
             Slain by a black bear (1 damage)
             ... on level 5 of the Dungeon.
             The game lasted 00:09:25 (2984 turns).

monsoonserge the Ruffian (Octopode Shapeshifter)    Turns: 2984, Time: 00:09:26

Health: 0/36       AC:  1    Str: 15    XL:     5   Next: 68%
Magic:  5/5        EV: 13    Int: 12    God:
Gold:   96         SH:  0    Dex: 12    Spells: 4/4 levels left

rFire   . .          .
                       - Unarmed
rCold   . . .        (no shield)
rNeg    . . .        (helmet currently unavailable)
rPois   +            (no amulet)
rElec   .            d - ring of poison resistance
rCorr   .            (no ring)
SInv    .            (no ring)
Will    .....        (no ring)
Stlth   +++          (no ring)
HPRegen 0.26/turn    (no ring)
MPRegen 0.09/turn    (no ring)
                     (no ring)

%: no passive effects
@: beast-form
A: beast (slay +2), almost no armour, amphibious, 8 rings, camouflage 1,
gelatinous body 1, (nimble swimmer 1), tentacles
a: Begin Untransformation


You were on level 5 of the Dungeon.
You were a hulking beast.
You visited 2 branches of the dungeon, and saw 6 of its levels.

You collected 210 gold pieces.
You spent 114 gold pieces at shops.

Inventory:

Missiles
 k - 6 javelins (quivered)
Jewellery
 d - a ring of poison resistance (left tentacle)
 l - a ring of ice
Talismans
 b - a beast talisman
 c - a flux talisman
Scrolls
 e - 2 scrolls of blinking {unknown}
 f - 2 scrolls of immolation {unknown}
 g - a scroll of noise {unknown}
 h - 2 scrolls of fear {unknown}
 j - 5 scrolls of identify {unknown}
 n - 2 scrolls of teleportation {unknown}
 r - a scroll of summoning {unknown}
 s - a scroll of torment {unknown}
 t - a scroll of revelation {unknown}
 u - a scroll of vulnerability {unknown}
 v - a scroll of amnesia {unknown}
 w - a scroll of acquirement {unknown}
 y - a scroll of silence {unknown}
Potions
 a - a potion of lignification
 i - a potion of ambrosia {unknown}
 m - 2 potions of curing {unknown}
 o - a potion of berserk rage {unknown}
 p - a potion of haste {unknown}
 q - a potion of resistance {unknown}
 x - a potion of degeneration {unknown}


   Skills:
 - Level 3.0 Fighting
 - Level 3.0 Dodging
 - Level 1.0 Stealth
 + Level 4.3 Unarmed Combat
 - Level 3.5 Shapeshifting


You had 4 spell levels left.
You didn't know any spells.
Your spell library contained the following spells:

 Spells                   Type           Power      Damage    Failure   Level
 Magic Dart               Conj           0%         1d3       32%         1
 Blink                    Tloc           0%         N/A       45%         2
 Call Imp                 Summ           0%         N/A       45%         2


Dungeon Overview and Level Annotations

Branches:
Dungeon (5/15)             Temple (1/1) D:5

Altars:
Ashenzari
Cheibriados
Fedhas
Hepliaklqana
Kikubaaqudgha
Makhleb
Nemelex Xobeh
Ru
Sif Muna
Vehumet
Wu Jian
Xom
Yredelemnul
The Shining One

Shops:
D:1 ![(*:

Annotations:
D:3 Ijyb


Innate Abilities, Weirdness & Mutations

You are a hulking beast.
Your limbs bulge with bestial killing power. (Slay +2)
You cannot wear most types of armour.
You are amphibious.
You can wear up to eight rings at the same time.
Your skin changes colour to match your surroundings (Stealth+).
Your rubbery body absorbs attacks. (AC +1, EV +1)
((You are camouflaged when in or above water. (Stealth+)))
You have tentacles for arms and can constrict up to eight enemies at once.


Message History

A black bear comes into view.
The black bear moves out of view.
Found an encrusted bronze wand.
Found a sling.
The black bear growls angrily.
There is a staircase to the Ecumenical Temple here.
You climb downwards.
Welcome to the Ecumenical Temple!
Found a staircase back to the Dungeon.
There is a staircase back to the Dungeon here.
Search for what [? for help]? goz Can't find anything matching that.
You climb upwards.
Welcome back to the Dungeon!
You hear the sound of rushing water.
There is an entrance to a sewer on this level.
Hurry and find it before the portal rusts away!
The black bear bites you. The black bear claws you.
The black bear barely misses you. The black bear bites you!
The black bear claws you. x2
There is a staircase to the Ecumenical Temple, spattered with blood here.
You bludgeon the black bear! Your grab misses the black bear.
The black bear is moderately wounded.
The black bear bites you. The black bear claws you.
* * * LOW HITPOINT WARNING * * *
The black bear claws you.
* * * LOW HITPOINT WARNING * * *
Okay, then.
Okay, then.
You tentacle-slap the black bear but do no damage.
You grab the black bear. You tentacle-slap the black bear.
The black bear is heavily wounded.
You constrict the black bear. You tentacle-slap the black bear.
The black bear is heavily wounded.
You constrict the black bear. The black bear barely misses you. x2
The black bear misses you.
You tentacle-slap the black bear.
The black bear is almost dead.
You constrict the black bear. The black bear bites you.
* * * LOW HITPOINT WARNING * * *
The black bear barely misses you. The black bear claws you.
You die...

<.....................
+..
#.#.#####...........#.###
#..
....#####....#.######.#
#.. ......)..........##
..................#
...#..###.##...##.# .
.##..##.##...##.###
..................#
...........hh...#
...................
≈.../....##...##....
.....#..##...##.... ##
....##..........# . #. #
)... #..#.....###
.####.#. ... ............
....... ..###.....##
###....# .....>.#


You could see a black bear.

Vanquished Creatures
  A jelly (D:4)
  A bombardier beetle (D:5)
  6 adders
  A ribbon worm (D:2)
  A dart slug (D:4)
  4 orcs
  5 endoplasms
  7 goblins
  4 hobgoblins
  2 jackals (D:4)
  9 kobolds
  4 quokkas
  5 ball pythons
  11 bats
  6 frilled lizards
  3 rats
70 creatures vanquished.

Notes
Turn   | Place    | Note
-------+----------+-------------------------------------------
     0 | D:1      | monsoonserge the Octopode Shapeshifter began the quest for
                  | the Orb.
     0 | D:1      | Reached XP level 1. HP: 13/13 MP: 1/1
    13 | D:1      | Found Quh Omimoscho's Armour Boutique.
    73 | D:1      | Found Feywnac's Distillery.
   195 | D:1      | Found Vuosocon's Antique Weapon Shoppe.
   208 | D:1      | Reached XP level 2. HP: 17/18 MP: 2/2
   234 | D:1      | Reached skill level 1 in Stealth
   505 | D:1      | Found Vimesir's Book Boutique.
   621 | D:1      | Reached XP level 3. HP: 23/23 MP: 3/3
   656 | D:1      | Found Wimuf Xealu's Assorted Antiques.
   660 | D:1      | Bought a lumpy green potion for 21 gold pieces
   660 | D:1      | Bought a lumpy green potion for 21 gold pieces
  1148 | D:2      | Found a faded altar of an unknown god.
  1321 | D:2      | Reached XP level 4. HP: 25/29 MP: 4/4
  1513 | D:1      | Bought a scroll labelled MOAMOB DOTOE for 24 gold pieces
  1513 | D:1      | Bought a scroll labelled JYVEMY GYLE for 24 gold pieces
  1582 | D:3      | Noticed Ijyb
  1984 | D:1      | Bought a scroll labelled RIPPANE AS RAR for 24 gold pieces
  2237 | D:4      | Found a broken altar of Ashenzari.
  2349 | D:4      | Reached XP level 5. HP: 16/36 MP: 5/5
  2478 | D:4      | Found a snail-covered altar of Cheibriados.
  2676 | D:4      | Noticed a phantom
  2744 | D:5      | Entered Level 5 of the Dungeon
  2772 | D:5      | Noticed a water moccasin
  2861 | D:5      | Reached skill level 4 in Unarmed Combat
  2965 | D:5      | Found a staircase to the Ecumenical Temple.
  2969 | D:5      | Noticed a black bear
  2978 | Temple   | Entered the Ecumenical Temple
  2984 | D:5      | HP: 1/36 [black bear (4)]
  2984 | D:5      | Slain by a black bear

Illustrated notes

Levels and vault maps discovered:
D:1:      dpeg_arrival_radiant, layout_basic, serial_shops, shop, shop,
          nicolae_shop_hallway_stairs, nicolae_shop_just_a_little_nook, shop,
          serial_bayou_pond_e, minmay_misc_feat_hallway, minmay_pentomino_w4
D:2:      layout_rooms, hellmonk_ecumenical_altar_prayer_group
D:3:      layout_basic, nicolae_qazlal_style_of_elements, uniq_ijyb
D:4:      layout_rooms, ashenzari_conservatory_becter, kennysheep_slug_shrine,
          serial_shops, nicolae_shop_back_alley_shop, minmay_misc_feat_iff
D:5:      layout_basic, minmay_temple_entry_stoned_glass, portal_sewer_entry_f,
          serial_library_hellmonk_semicircle, kennysheep_decorative_pillar,
          nicolae_tricolors
Temple:   hc_temple_tempest_star

Skill      XL: |  1  2  3  4  5 |
---------------+----------------+-----
Stealth        | 1 |  1.0
Fighting       | 2 3 |  3.0
Dodging        | 3 |  3.0
Unarmed Combat | 4 |  4.3
Shapeshifting  | |  3.5

Action                     |  1- 3 |  4- 6 || total
---------------------------+-------+-------++-------
  Melee: Unarmed           |    74 |    57 ||   131
         Constrict         |    16 |    14 ||    30
         Tentacles         |    13 |    13 ||    26
         Punch             |     2 |     3 ||     5
   Stab: Sleeping          |     5 |     5 ||    10
 Armour: Skin              |    32 |    21 ||    53
  Dodge: Dodged            |    47 |    27 ||    74
